 Dungeon Sprint DCSS version 0.23.1 (webtiles) character file.

Game seed: 17252063920412968055

140 night the Cruncher (level 5, -2/45 HPs)
             Began as a Naga Gladiator on Mar 16, 2019.
             Killed from afar by a deep elf mage (18 damage)
             ... with a bolt of cold
             ... in the Dungeon (Sprint III: "The Ten Rune Challenge").
             The game lasted 00:02:39 (573 turns).

night the Cruncher (Naga Gladiator)                  Turns: 573, Time: 00:02:39

Health: -2/45      AC:  4    Str: 16    XL:     5   Next: 22%
Magic:  5/5        EV: 10    Int:  9    God:
Gold:   34         SH:  0    Dex: 13    Spells: 4/4 levels left

rFire    . . .     SeeInvis +   a - +0 quarterstaff
rCold    . . .     Gourm    .   (shield currently unavailable)
rNeg     . . .     Faith    .   b - +0 leather armour
rPois    +         Spirit   .   c - +0 helmet
rElec    .         Reflect  .   (no cloak)
rCorr    .         Harm     .   (no gloves)
MR       .....     NoTele   +   (no barding)
Stlth    +.........             (no amulet)
HPRegen  0.15/turn              (no ring)
MPRegen  0.09/turn              (no ring)

@: very slow
A: large, see invisible, deformed body, poison resistance, slowness 2, slow
metabolism 1, spit poison 1, AC +1
a: Spit Poison


You were in the Dungeon.
You were not hungry.

You visited 1 branch You collected 34 gold pieces.

Inventory:

Hand Weapons
 a - a +0 quarterstaff (weapon)
Missiles
 d - 3 throwing nets (quivered)
Armour
 b - a +0 leather armour (worn)
 c - a +0 helmet (worn)
Scrolls
 k - a scroll of blinking
 l - a scroll of remove curse {unknown}
 n - a scroll of torment
 p - a scroll of enchant armour {unknown}
Potions
 e - 2 potions of curing
 h - a potion of haste
 i - 2 potions of magic
 m - 3 potions of mutation
 q - a potion of degeneration
 r - 2 potions of flight
Comestibles
 f - 3 rations


   Skills:
 - Level 2.0 Fighting
 + Level 10.4 Staves
 - Level 1.7 Throwing
 - Level 2.4 Dodging


You had 4 spell levels left.
You didn't know any spells.
Your spell library contained the following spells:

 Spells                   Type           Power        Failure   Level  Hunger
 Magic Dart               Conj           #...         45%         1    ##.....
 Blink                    Tloc           N/A          58%         2    ###....
 Call Imp                 Summ           #.......     58%         2    ###....
 Slow                     Hex            #.......     58%         2    ###....
 Conjure Flame            Conj/Fire      #.......     83%         3    ####...
 Mephitic Cloud           Conj/Pois/Air  #.......     83%         3    ####...


Dungeon Overview and Level Annotations

Branches:
Dungeon (1/1)

Altars:
Elyvilon
Kikubaaqudgha
Sif Muna
Vehumet
Zin
The Shining One


Innate Abilities, Weirdness & Mutations

You cannot wear boots.
Your serpentine skin is tough. (AC +1)
You have supernaturally acute eyesight. (SInv)
Armour fits poorly on your strangely shaped body.
Your system is resistant to poisons. (rPois)
You cover ground very slowly.
You have a slow metabolism.
You can spit poison.


Message History

The deep elf mage is lightly wounded.
The deep elf mage hits you but does no damage.
You miss the deep elf mage.
The deep elf mage is lightly wounded.
The deep elf mage hits you with a +1 long sword of holy wrath.
You hit the deep elf mage but do no damage.
The deep elf mage is lightly wounded.
You hit the deep elf mage but do no damage.
The deep elf mage is lightly wounded.
The deep elf mage closely misses you.
You hit the deep elf mage.
The deep elf mage is lightly wounded.
You hit the deep elf mage.
The deep elf mage is moderately wounded.
The deep elf mage barely misses you.
You closely miss the deep elf mage.
The deep elf mage is moderately wounded.
The deep elf mage casts a spell at you. The bolt of cold hits you!!
You die...

▓▓▓▓▓▓▓▓ ▓▓▓ .'...♣.♣
♣.##### .#.....♣ ♣.#___#
##.....♣ ♣♣.#.e.#
.#....≈♣ ♣♣..###@#+###+##
.#...≈≈♣♣♣.♣.#..........#
)#..≈≈≈≈♣♣♣..'.⌠........#
'#..≈≈≈≈≈≈♣♣.#...######+#
.#.≈≈≈≈≈≈....#.⌠.#
.#.≈≈≈≈≈.....#...#
.#.≈≈≈.......#)###
##...........#...#
.............#___#


You could see a deep elf mage.

Vanquished Creatures
  A water elemental (D)
  A wizard (D)
  A human (D)
  A kobold demonologist (D)
  A wolf (D)
  4 rats (D)
9 creatures vanquished.

Vanquished Creatures (others)
  2 draconian scorchers (D)
  6 hellions (D)
  2 yaktaurs (D)
10 creatures vanquished.

Grand Total: 19 creatures vanquished

Notes
Turn   | Place    | Note
-------+----------+-------------------------------------------
     0 | D        | night the Naga Gladiator began the quest for the Orb.
     0 | D        | Reached XP level 1. HP: 19/19 MP: 1/1
    27 | D        | Reached skill level 4 in Staves
    56 | D        | Noticed a wolf
    58 | D        | Reached skill level 6 in Staves
    58 | D        | Reached XP level 2. HP: 19/26 MP: 2/2
    65 | D        | Reached skill level 7 in Staves
    65 | D        | Reached XP level 3. HP: 12/32 MP: 3/3
    76 | D        | Killed a hellion
    78 | D        | Killed a yaktaur
    80 | D        | Killed a hellion
    86 | D        | Killed a hellion
   101 | D        | Killed a hellion
   105 | D        | Killed a hellion
   113 | D        | Killed a hellion
   208 | D        | Killed a white draconian scorcher
   271 | D        | Killed a white draconian scorcher
   354 | D        | Killed a yaktaur
   468 | D        | Noticed a water elemental
   473 | D        | Killed a water elemental
   473 | D        | Reached skill level 9 in Staves
   473 | D        | Reached XP level 4. HP: 39/39 MP: 4/4
   511 | D        | Found a radiant altar of Vehumet.
   511 | D        | Found a deep blue altar of Sif Muna.
   511 | D        | Found an ancient bone altar of Kikubaaqudgha.
   511 | D        | Noticed a wizard
   515 | D        | Killed a wizard
   515 | D        | Reached skill level 10 in Staves
   515 | D        | Reached XP level 5. HP: 45/45 MP: 5/5
   518 | D        | Noticed a chaos spawn
   561 | D        | Found a glowing silver altar of Zin.
   561 | D        | Found a glowing golden altar of the Shining One.
   561 | D        | Found a white marble altar of Elyvilon.
   562 | D        | Noticed a deep elf mage
   573 | D        | Killed from afar by a deep elf mage

Skill      XL: |  1  2  3  4 |
---------------+-------------+-----
Staves         | 6 7 9 10 | 10.4
Fighting       | |  2.0
Throwing       | |  1.7
Dodging        | |  2.4

Action                   |  1- 3 |  4- 6 || total
-------------------------+-------+-------++-------
Melee: Quarterstaff      |    25 |    23 ||    48
 Abil: Spit Poison       |     1 |       ||     1
  Use: Scroll            |     4 |       ||     4
       Potion            |     1 |     1 ||     2
Armor: Leather armour    |     3 |     6 ||     9
Dodge: Dodged            |    21 |     5 ||    26
